 Dungeon Crawl Stone Soup version 0.31-a0-836-g3ceb0a68c4 (webtiles) character file.

Game seed: 6732654801596930977

25 demibob the Ruffian (level 2, -5/26 HPs)
             Began as a Draconian Chaos Knight on Sept 27, 2023.
             Was a Plaything of Xom.
             Slain by Sigmund
             ... wielding a +0 scythe
              (6 damage)
             ... on level 2 of the Dungeon.
             The game lasted 00:01:29 (959 turns).

demibob the Ruffian (Draconian Chaos Knight)         Turns: 959, Time: 00:01:30

Health: -5/26      AC:  4    Str: 13 (14) XL:     2   Next: 82%
Magic:  2/2        EV: 11    Int:  9 (12) God:    Xom [....*.]
Gold:   63         SH:  0    Dex:  7 (10) Spells: 1/1 levels left

rFire   . .          .
                       - Unarmed
rCold   . . .        (no shield)
rNeg    . . .        (body armour unavailable)
rPois   .            (helmet restricted)
rElec   .            (no cloak)
rCorr   .            (no gloves)
SInv    .            (no boots)
Will    .....        (no amulet)
Stlth   +            (no ring)
HPRegen 0.24/turn    (no ring)
MPRegen 0.08/turn

%: no passive effects
@: no status effects
A: AC +4, unfitting armour, cold-blooded
a: Renounce Religion


You were on level 2 of the Dungeon.
You worshipped Xom.
You were a beloved toy of Xom.
You visited 1 branch of the dungeon, and saw 2 of its levels.

You collected 63 gold pieces.


Innate Abilities, Weirdness & Mutations

Your plain brown scales are hard. (AC +4)
You cannot fit into any form of body armour.
You are cold-blooded and may be slowed by cold attacks.


   Skills:
 - Level 3.2 Fighting
 - Level 2.1 Dodging
 + Level 4.1 Unarmed Combat


You had one spell level left.
You didn't know any spells.
Your spell library contained the following spells:

 Spells                   Type           Power      Damage    Failure   Level
 Sandblast                Erth           0%         2d4       38%         1
 Passwall                 Tmut/Erth      0%         N/A       52%         2
 Stone Arrow              Conj/Erth      0%         3d7       77%         3
 Brom's Barrelling Bould  Conj/Erth      0%         2d3       99%         4

Inventory:

Wands
 f - a wand of charming (6)
Scrolls
 a - a scroll of butterflies
 b - a scroll of identify {@r1}
Potions
 d - 3 potions of enlightenment
 e - 2 potions of degeneration

Dungeon Overview and Level Annotations

Branches:
Dungeon (2/15)

Altars:

Annotations:
D:2 Sigmund

...........####
#...... .........>.#
#...#.. ####...###.#
##.#.... ###.##..#
#...####
#....######w<.####
##................
#####§.####......####
#..@§......###...# #
#..§@§.....# #...#
#..........# #...#
#..........# #####
#..........#
#..........#
#.........<#
#!>........#
#..........#


You could see Sigmund.


Message History

Sigmund is heavily wounded.
Sigmund gestures at you while chanting.
You are confused.
Okay, then.
You bump into the rock wall.
Xom pokes at a nearby staircase.
The escape hatch in the ceiling slides away from you!
The stone staircase leading down slides away from you!
You are now a beloved toy of Xom.
Sigmund closely misses you.
You miss Sigmund.
Your tail-slap misses Sigmund.
Sigmund is heavily wounded.
You bump into the rock wall.
Sigmund hits you but does no damage. Sigmund hits you but does no damage.
You're too confused to move!
Sigmund barely misses you.
You miss Sigmund.
Sigmund is heavily wounded.
Sigmund hits you with a +0 scythe.
* * * LOW HITPOINT WARNING * * *
You closely miss Sigmund.
You tail-slap Sigmund, but do no damage.
Sigmund is heavily wounded.
You feel less confused.
You barely miss Sigmund.
Sigmund is heavily wounded.
Sigmund hits you with a +0 scythe.
You die...
Sigmund begins carving another notch in his scythe.
Xom howls with laughter!

Skill      XL: |  1  2 |
---------------+-------+-----
Unarmed Combat | 4 |  4.1
Fighting       | |  3.2
Dodging        | |  2.1

Action                     || total
---------------------------++-------
  Melee: Unarmed           ||    75
         Tailslap          ||     6
         Punch             ||     1
    Use: Scroll            ||     5
         Potion            ||     2
 Armour: Skin              ||    40
  Dodge: Dodged            ||    36

Levels and vault maps discovered:
D:1:      tarquinn_simple_flora_water_a, layout_basic, basic_ecumenical_altar
D:2:      wander_river, layout_rooms, minmay_misc_feat_rows,
          uniq_crazy_yiuf_cottage, uniq_sigmund

Notes
Turn   | Place    | Note
-------+----------+-------------------------------------------
     0 | D:1      | demibob the Draconian Chaos Knight began the quest for the
                  | Orb.
     0 | D:1      | Reached XP level 1. HP: 19/19 MP: 1/1
    66 | D:1      | Found a faded altar of an unknown god.
   331 | D:1      | Reached XP level 2. HP: 24/24 MP: 2/2
   788 | D:2      | Noticed Sigmund
   791 | D:2      | XOM: divination: detect creatures
   835 | D:2      | Reached skill level 4 in Unarmed Combat
   949 | D:2      | HP: 2/26 [Sigmund/magic dart (9)]
   949 | D:2      | XOM: smoke on damage
   951 | D:2      | XOM: repel stairs
   957 | D:2      | HP: 1/26 [Sigmund/+0 scythe (3)]
   959 | D:2      | Slain by Sigmund

Vanquished Creatures
  A worm (D:2)
  A dart slug (D:2)
  An endoplasm (D:1)
  4 jackals (D:1)
  A quokka (D:1)
  2 ball pythons (D:1)
  3 bats
  2 frilled lizards (D:1)
  3 goblins (D:1)
  A kobold (D:1)
  A rat (D:1)
20 creatures vanquished.

Table legend: (Time is in decaauts)
 A = Elapsed time spent in this place.
 B = Non-inter-level travel time spent in this place.
 C = Inter-level travel time spent in this place.
 D = Time resting spent in this place.
 E = Time spent auto-exploring this place.
 F = Levels seen in this place.
 G = Mean time per level.
                   A        B        C        D        E       F      G
               +--------+--------+--------+--------+--------+-----+--------+
         Total |    962 |    944 |     18 |    132 |    629 |   2 |  481.0 |
       Dungeon |    962 |    944 |     18 |    132 |    629 |   2 |  481.0 |
               +--------+--------+--------+--------+--------+-----+--------+

Top non-repeatable levels by time:
     D:1: 705 daAuts
     D:2: 257 daAuts

Table legend:
 A = Non-vault XP
 B = Vault XP
 C = Vault XP percentage of total XP
 D = Non-vault monster count
 E = Vault monster count
 F = Vault count percentage of total count
                 A         B        C        D         E       F
            +---------+---------+-------+---------+---------+-------
      Total |      36 |       0 |   0.0 |      20 |       0 |   0.0
            +---------+---------+-------+---------+---------+-------
        D:1 |      25 |       0 |   0.0 |      16 |       0 |   0.0
        D:2 |      11 |       0 |   0.0 |       4 |       0 |   0.0
            +---------+---------+-------+---------+---------+-------
